 Dungeon Crawl Stone Soup version 0.24.1-8-ga250c9d538 (webtiles) character file.

Game seed: 13094961305151371595, levelgen mode: deterministic

13089 Gildeon the Basher (level 12, 0/70 HPs)
             Began as a Gargoyle Fighter on May 6, 2020.
             Was an Elder of Okawaru.
             Slain by Snorg (5 damage)
             ... on level 12 of the Dungeon.
             The game lasted 00:39:49 (11938 turns).

Gildeon the Basher (Gargoyle Fighter)              Turns: 11938, Time: 00:39:51

Health: 0/70       AC: 27    Str: 25    XL:     12   Next: 2%
Magic:  0/15       EV: 10    Int:  9    God:    Okawaru [****..]
Gold:   689        SH: 16    Dex: 14    Spells: 15/16 levels left

rFire    . . .     SeeInvis .   a - +3 morningstar
rCold    . . .     Gourm    .   K - +0 large shield
rNeg     + . .     Faith    .   h - +0 plate armour
rPois    ∞         Spirit   +   r - +0 helmet (curse)
rElec    +         Reflect  .   E - scarf {Spirit}
rCorr    .         Harm     .   L - +0 pair of gloves
MR       .....                  (no boots)
Stlth    ..........             M - amulet of regeneration
HPRegen  0.61/turn              j - ring of wizardry
MPRegen  0.14/turn              u - +4 ring of protection

@: agile, hasted, very quick
A: negative energy resistance 1, electricity resistance, unbreathing,
petrification resistance, rot immunity, AC +8
a: Heroism, Renounce Religion


You were on level 12 of the Dungeon.
You worshipped Okawaru.
Okawaru was greatly pleased with you.
You were not hungry.

You visited 2 branches of the dungeon, and saw 13 of its levels.

You collected 689 gold pieces.

Inventory:

Hand Weapons
 a - a +3 morningstar (weapon)
 J - a +3 scimitar of flaming
Armour
 h - a +0 plate armour (worn)
 r - a cursed +0 helmet (worn)
 E - a scarf of spirit shield (worn)
 K - a +0 large shield (worn)
 L - a +0 pair of gloves (worn)
Jewellery
 j - a ring of wizardry (left hand)
 u - a +4 ring of protection (right hand)
 D - an uncursed ring of magical power
 M - an amulet of regeneration (around neck)
Wands
 b - a wand of paralysis (10)
 o - a wand of digging (10)
 t - a wand of polymorph (3)
 w - a wand of acid (10)
 y - a wand of flame (32)
 G - a wand of iceblast (8)
Scrolls
 d - a scroll of identify
 e - 3 scrolls of fog
 g - 11 scrolls of remove curse
 i - 7 scrolls of teleportation
 k - 7 scrolls of amnesia
 p - a scroll of acquirement {unknown}
 v - 4 scrolls of blinking
 A - a scroll of summoning {unknown}
 C - a scroll of fear {unknown}
 F - a scroll of magic mapping {unknown}
 I - a scroll of immolation {unknown}
 N - a scroll of enchant armour {unknown}
Potions
 c - a potion of magic {unknown}
 l - 3 potions of mutation
 m - a potion of haste
 n - 2 potions of berserk rage
 q - 3 potions of heal wounds
 s - 2 potions of lignification
 x - a potion of flight
 B - 2 potions of curing
 H - a potion of cancellation {unknown}
Comestibles
 f - 17 rations
 O - 17 chunks of flesh


   Skills:
 + Level 6.2 Fighting
 * Level 14.7 Maces & Flails
 + Level 5.4 Armour
 - Level 5.0 Dodging
 - Level 5.0 Shields
 - Level 2.5 Spellcasting
 - Level 2.7 Hexes
 - Level 2.5 Invocations
 - Level 2.5 Evocations


You had 15 spell levels left.
You knew the following spells:

 Your Spells              Type           Power        Failure   Level  Hunger
a - Confusing Touch       Hex            #.....       99%         1    ##.....

Your spell library contained the following spells:

 Spells                   Type           Power        Failure   Level  Hunger
 Freeze                   Ice            #...         100%        1    ##.....
 Magic Dart               Conj           #...         100%        1    ##.....
 Sting                    Conj/Pois      #...         100%        1    ##.....
 Poisonous Vapours        Pois/Air       #.....       100%        2    ###....
 Searing Ray              Conj           #.....       100%        2    ###....
 Throw Frost              Conj/Ice       #.....       100%        2    ###....
 Confuse                  Hex            #.......     100%        3    ####...
 Dazzling Spray           Conj/Hex       #.....       100%        3    ####...
 Gell's Gravitas          Tloc           #.........   100%        3    ####...
 Mephitic Cloud           Conj/Pois/Air  #.......     100%        3    ####...
 Ozocubu's Armour         Chrm/Ice       #.......     100%        3    ####...
 Force Lance              Conj/Tloc      #.......     100%        4    #####..
 Fulminant Prism          Conj/Hex       #.........   100%        4    #####..
 Iskenderun's Mystic Bla  Conj           #.......     100%        4    #####..
 Olgreb's Toxic Radiance  Pois           #.......     100%        4    #####..
 Petrify                  Tmut/Erth      #.......     100%        4    #####..
 Summon Ice Beast         Ice/Summ       #.......     100%        4    #####..
 Throw Icicle             Conj/Ice       #.......     100%        4    #####..
 Metabolic Englaciation   Hex/Ice        #.........   100%        5    ######.
 Venom Bolt               Conj/Pois      #.........   100%        5    ######.
 Yara's Violent Unravell  Hex/Tmut       #.........   100%        5    ######.


Dungeon Overview and Level Annotations

Branches:
Dungeon (11/15)            Temple (1/1) D:7            Lair (0/6) D:9
    Orc (0/2) D:10

Altars:
Ashenzari
Cheibriados
Dithmenos
Elyvilon
Fedhas
Gozag
Hepliaklqana
Kikubaaqudgha
Makhleb
Nemelex Xobeh
Okawaru
Qazlal
Ru
Sif Muna
Trog
Uskayaw
Vehumet
Wu Jian
Xom
Yredelemnul
Zin
The Shining One
Beogh

Shops:
D:7 (

Annotations:
D:9 2 transporters
D:12 Snorg


Innate Abilities, Weirdness & Mutations

You are resistant to torment.
Your stone body is resilient. (AC +8)
You are immune to poison.
You resist negative energy. (rN+)
You are resistant to electric shocks. (rElec)
You can survive without breathing.
You are immune to petrification.
You are immune to rotting.


Message History

Snorg is severely wounded.
Snorg bites you but does no damage. Snorg barely misses you.
You block Snorg's attack.
You completely miss Snorg.
Snorg is severely wounded.
Snorg bites you.
* * * LOW HITPOINT WARNING * * *
Snorg claws you but does no damage. You block Snorg's attack.
Snorg bites you but does no damage. Snorg claws you!
* * * LOW HITPOINT WARNING * * *
Snorg claws you but does no damage.
You feel much better. Snorg bites you but does no damage.
You block Snorg's attack. x2
You feel agile all of a sudden. Snorg bites you!!
* * * LOW HITPOINT WARNING * * *
Snorg claws you.
* * * LOW HITPOINT WARNING * * *
Snorg claws you.
You die...

# ### #.
..# #.#
#.# ##
...#.# ..
#.#)##.#
#.#..@T..#
#.....####
#######


You could see Snorg (berserk).

Vanquished Creatures
  Erica (D:8)
  3 two-headed ogres
  Psyche (D:9)
  Joseph (D:9)
  A troll (D:11)
  Grinder (D:6)
  3 hippogriffs
  Sigmund (D:3)
  The ghost of H0rd4k the Magician, an amateur DEWz (D:3)
  A spriggan (D:7)
  5 yaks (D:11)
  2 wyverns (D:10)
  Grum (D:10)
  A steam dragon (D:11)
  4 hungry ghosts
  2 water moccasins
  4 ice beasts
  A black bear (D:7)
  7 orc warriors (D:10)
  8 sky beasts
  2 phantoms
  A necrophage (D:10)
  6 ogres
  3 wolves (D:10)
  5 centaurs
  7 bullfrogs
  4 big kobolds
  5 scorpions
  4 killer bees
  5 wights
  A howler monkey (D:6)
  5 electric eels
  8 hounds
  A quasit (D:7)
  2 crimson imps
  2 centaur skeletons
  2 jellies (D:6)
  10 orc priests
  9 orc wizards
  Jessica (D:2)
  A bullfrog skeleton (D:9)
  6 worker ants
  Natasha (thrice) (D:4)
  2 iguanas (D:7)
  2 hound skeletons
  A worker ant zombie (D:11)
  8 adders
  A howler monkey skeleton (D:8)
  11 gnolls
  3 shadow imps
  An ooze (D:6)
  An adder zombie (D:10)
  2 adder skeletons
  6 worms
  5 leopard geckos
  45 orcs
  8 bats
  5 giant cockroaches
  6 goblins
  7 hobgoblins
  A jackal (D:5)
  16 kobolds
  4 quokkas
  A ball python (D:1)
  2 frilled lizards (D:4)
  A quokka skeleton (D:4)
  3 rats
284 creatures vanquished.

Notes
Turn   | Place    | Note
-------+----------+-------------------------------------------
     0 | D:1      | Gildeon the Gargoyle Fighter began the quest for the Orb.
     0 | D:1      | Reached XP level 1. HP: 14/14 MP: 1/1
   260 | D:1      | Reached XP level 2. HP: 15/19 MP: 2/2
   622 | D:2      | Reached skill level 3 in Maces & Flails
   887 | D:2      | Reached XP level 3. HP: 16/23 MP: 3/3
  1147 | D:2      | Reached skill level 4 in Maces & Flails
  1208 | D:2      | Noticed Jessica
  1214 | D:2      | Killed Jessica
  1214 | D:2      | Reached XP level 4. HP: 17/28 MP: 4/4
  1832 | D:3      | Found a runed translucent door.
  1832 | D:3      | Noticed Natasha
  1832 | D:3      | Noticed an ice beast
  1833 | D:3      | Noticed H0rd4k's ghost (amateur DEWz)
  1860 | D:3      | Found a transporter.
  1912 | D:3      | Learned a level 1 spell: Confusing Touch
  1986 | D:3      | Reached skill level 5 in Maces & Flails
  1986 | D:3      | Reached XP level 5. HP: 32/32 MP: 5/5
  2416 | D:3      | Found a transporter.
  2427 | D:3      | Noticed Sigmund
  2470 | D:4      | Killed Natasha
  2634 | D:4      | Reached skill level 6 in Maces & Flails
  2634 | D:4      | Reached XP level 6. HP: 37/37 MP: 6/6
  2720 | D:4      | Noticed Natasha
  2730 | D:4      | Killed Natasha
  2749 | D:4      | Noticed Natasha
  2762 | D:4      | Killed Natasha
  3494 | D:5      | Entered Level 5 of the Dungeon
  3799 | D:5      | Reached skill level 7 in Maces & Flails
  4009 | D:5      | Noticed a sky beast
  4023 | D:5      | Reached XP level 7. HP: 37/41 MP: 7/7
  4327 | D:3      | Reached skill level 8 in Maces & Flails
  4395 | D:3      | Killed Sigmund
  4843 | D:6      | Reached skill level 9 in Maces & Flails
  4843 | D:6      | Reached XP level 8. HP: 38/46 MP: 8/8
  5162 | D:6      | Reached skill level 10 in Maces & Flails
  5531 | D:6      | Noticed Grinder
  5536 | D:6      | Paralysed by Grinder for 4 turns
  5583 | D:6      | Paralysed by Grinder for 3 turns
  5636 | D:6      | Paralysed by Grinder for 7 turns
  5656 | D:6      | Killed Grinder
  5656 | D:6      | Reached skill level 11 in Maces & Flails
  5656 | D:6      | Reached XP level 9. HP: 36/52 MP: 9/9
  6467 | D:3      | Killed H0rd4k's ghost
  6751 | D:7      | Reached skill level 5 in Fighting
  6751 | D:7      | Reached skill level 5 in Armour
  6852 | D:7      | Reached skill level 1 in Dodging
  6945 | D:7      | Found Tisasm's Weapon Shoppe.
  7036 | D:7      | Noticed a two-headed ogre
  7052 | D:7      | Killed a two-headed ogre
  7052 | D:7      | Reached skill level 12 in Maces & Flails
  7052 | D:7      | Reached XP level 10. HP: 34/59 MP: 3/10
  7224 | D:7      | Reached skill level 5 in Shields
  7345 | D:7      | Found a staircase to the Ecumenical Temple.
  7478 | Temple   | Entered the Ecumenical Temple
  7507 | Temple   | Became a worshipper of Warmaster Okawaru
  8230 | D:8      | Noticed Erica
  8241 | D:8      | Killed Erica
  8241 | D:8      | Reached * piety under Okawaru
  8241 | D:8      | Reached skill level 1 in Spellcasting
  8560 | D:8      | Reached ** piety under Okawaru
  9016 | D:9      | Found a staircase to the Lair.
  9019 | D:9      | Noticed Psyche
  9028 | D:9      | Killed Psyche
  9028 | D:9      | Reached skill level 13 in Maces & Flails
  9168 | D:9      | Noticed Joseph
  9208 | D:9      | Killed Joseph
  9208 | D:9      | Reached skill level 1 in Evocations
  9235 | D:9      | Found a sacrificial altar of Ru.
  9265 | D:9      | Reached XP level 11. HP: 63/63 MP: 14/14
  9276 | D:9      | Reached *** piety under Okawaru
  9309 | D:9      | Noticed a two-headed ogre
  9310 | D:9      | Found a roughly hewn altar of Beogh.
  9325 | D:9      | Identified the +1 leather armour of Dim Light {rPois Str+6}
  9686 | D:9      | Found a radiant altar of Vehumet.
  9709 | D:9      | Found a transporter.
  9711 | D:9      | Found a transporter.
  9815 | D:10     | Entered Level 10 of the Dungeon
 10333 | D:10     | Reached skill level 1 in Invocations
 10505 | D:10     | Reached skill level 5 in Dodging
 10529 | D:10     | Reached **** piety under Okawaru
 10538 | D:10     | Found a sacrificial altar of Ru.
 10730 | D:10     | Noticed Grum
 10736 | D:10     | Reached skill level 14 in Maces & Flails
 10744 | D:10     | Killed Grum
 10902 | D:10     | Reached skill level 1 in Hexes
 11371 | D:10     | Found a staircase to the Orcish Mines.
 11776 | D:11     | Noticed a two-headed ogre
 11786 | D:11     | Killed a two-headed ogre
 11909 | D:11     | You fall into a shaft and drop 1 floor!
 11909 | D:12     | Noticed a two-headed ogre
 11913 | D:12     | Noticed Snorg
 11917 | D:12     | Killed a two-headed ogre
 11917 | D:12     | Reached XP level 12. HP: 50/70 MP: 10/15
 11931 | D:12     | HP: 2/70 [Snorg (9)]
 11938 | D:12     | Slain by Snorg

Levels and vault maps discovered:
D:1:      dpeg_arrival_rhombus, layout_basic
D:2:      layout_loops_corners, uniq_jessica
D:3:      gammafunk_steamed_eel, layout_rooms, ebering_ghost_sewer_d,
          uniq_sigmund, uniq_natasha
D:4:      layout_gridville, serial_bayou_crossing
D:5:      layout_basic, first_ration, minmay_joined_circles
D:6:      layout_loops_ring, uniq_grinder
D:7:      layout_basic, minmay_temple_entry_proselytizer, serial_shops, shop,
          the_bakery
D:8:      layout_layer_cave, uniq_erica
D:9:      gammafunk_beogh_shrine, layout_basic, overflow_temple_1_default,
          lair_entry_dummy, basic_altar, uniq_joseph, uniq_psyche
D:10:     minmay_four_partial_circles, layout_basic, erik_orc_2,
          nicolae_ru_sacrificial_ziggurat, uniq_grum
D:11:     layout_stronghold, serial_column_ruins, column_ruins_columns_T,
          column_ruins_open_medium, column_ruins_grid_1, column_ruins_grid_4,
          column_ruins_open_small, column_ruins_corridor_straight,
          column_ruins_columns_straight
D:12:     layout_loops_corners, uniq_snorg, uniq_erolcha
Temple:   nicolae_temple_the_god_donut

Skill      XL: |  1  2  3  4  5  6  7  8  9 10 11 |
---------------+----------------------------------+-----
Maces & Flails | 3 4 5 6 7 9 11 12 13 14 | 14.7
Fighting       | 4 5 6 |  6.2
Armour         | 4 5 |  5.4
Dodging        | 2 4 5 |  5.0
Shields        | 4 5 |  5.0
Spellcasting   | 2 |  2.5
Evocations     | 1 2 |  2.5
Invocations    | 2 |  2.5
Hexes          | 2 |  2.7

Action                   |  1- 3 |  4- 6 |  7- 9 | 10-12 || total
-------------------------+-------+-------+-------+-------++-------
Melee: Flail             |   105 |   234 |   217 |       ||   556
       Morningstar       |       |       |   183 |   820 ||  1003
Evoke: Wand              |       |       |     1 |    54 ||    55
  Use: Scroll            |       |       |    13 |     6 ||    19
       Potion            |       |       |     2 |     7 ||     9
  Eat: Chunk             |     1 |     7 |     9 |    24 ||    41
       Ration            |       |     1 |       |     1 ||     2
Armor: Scale mail        |    50 |   114 |       |       ||   164
       Chain mail        |       |     6 |   182 |       ||   188
       Plate armour      |       |       |    39 |   522 ||   561
Dodge: Dodged            |    31 |    82 |    55 |   122 ||   290
Block: Shield            |    62 |   136 |   134 |   212 ||   544
       Large shield      |       |       |       |   350 ||   350
